 Dungeon Crawl Stone Soup version 0.24-a0-584-g9d6b971 (webtiles) character file.

Game seed: 1587041885400624365, levelgen mode: deterministic

905 Dorkslayer the Sneak (level 8, -3/54 HPs)
             Began as an Octopode Fighter on Aug 30, 2019.
             Slain by a water moccasin (10 damage)
             ... on level 5 of the Dungeon.
             The game lasted 00:26:24 (5005 turns).

Dorkslayer the Sneak (Octopode Fighter)             Turns: 5005, Time: 00:26:24

Health: -3/54      AC:  1    Str: 16    XL:     8   Next: 8%
Magic:  12/12      EV: 12    Int: 13    God:
Gold:   136        SH:  9    Dex: 13    Spells: 12/12 levels left

rFire    . . .     SeeInvis .   a - +0 long sword
rCold    . . .     Gourm    .   b - +0 shield
rNeg     . . .     Faith    .   n - +0 hat
rPois    .         Spirit   .   (no amulet)
rElec    .         Reflect  .   j - +3 ring of intelligence
rCorr    .         Harm     .   (no ring)
MR       .....                  (no ring)
Stlth    +++++.....             (no ring)
HPRegen  0.18/turn              (no ring)
MPRegen  0.13/turn              (no ring)
                                (no ring)
                                (no ring)

@: studying Axes
A: almost no armour, stealthy swim, amphibious, 8 rings, constrict 8, camouflage
1, gelatinous body 1
a: no special abilities


You were on level 5 of the Dungeon.
You were not hungry.

You visited 1 branch of the dungeon, and saw 5 of its levels.
You also visited: Ossuary.

You collected 136 gold pieces.

Inventory:

Hand Weapons
 a - a +0 long sword (weapon)
 h - a +0 hunting sling of freezing
 t - a +0 dagger of speed
Missiles
 i - 35 poisoned darts (quivered)
 q - 47 stones
Armour
 b - a +0 shield (worn)
 n - a +0 hat (worn)
Jewellery
 j - a +3 ring of intelligence (left tentacle)
Scrolls
 e - a scroll of enchant weapon
 f - 4 scrolls of remove curse
 g - a scroll of blinking {unknown}
 m - a scroll of enchant armour
 o - a scroll of immolation
 u - 2 scrolls of teleportation
 y - a scroll of magic mapping {unknown}
Potions
 c - 2 potions of haste
 k - 4 potions of agility
 l - 4 potions of heal wounds
 p - 3 potions of brilliance
 s - a potion of curing
 v - 2 potions of cancellation
 w - a potion of magic {unknown}
 x - a potion of flight {unknown}
Books
 r - a manual of Axes
Comestibles
 d - 4 rations


   Skills:
 + Level 3.8 Fighting
 + Level 0.2(2.6) Short Blades
 + Level 4.4 Long Blades
 + Level 0.6(1.3) Slings
 + Level 1.8(1.9) Throwing
 + Level 3.5 Dodging
 * Level 7.5 Stealth
 + Level 3.8 Shields
 * Level 2.8 Spellcasting


You had 12 spell levels left.
You didn't know any spells.
Your spell library was empty.

Dungeon Overview and Level Annotations

Branches:
Dungeon (5/15)            Ossuary (visited)
 Temple: D:4-7

Altars:
Hepliaklqana
Kikubaaqudgha
Nemelex Xobeh
Trog
Wu Jian
Beogh

Annotations:
D:3 3 runed translucent doors, Despondentz's ghost, weakling OpCj
D:4 3 runed translucent doors, yaymichael's ghost, amateur HaAM


Innate Abilities, Weirdness & Mutations

You cannot wear most types of armour.
You are very stealthy in the water. (Stealth+)
You are amphibious.
You can wear up to eight rings at the same time.
You can use your tentacles to constrict eight enemies at once.
Your skin changes colour to match your surroundings (Stealth+).
Your rubbery body absorbs attacks. (AC +1, EV +1)


Message History

You closely miss the water moccasin. Your grab misses the water moccasin.
You squeeze the water moccasin!
The water moccasin is heavily wounded.
You feel sick. The water moccasin barely misses you.
The water moccasin bites you.
* * * LOW HITPOINT WARNING * * *
You are more poisoned.
The water moccasin poisons you!
It was a potion of curing.
You feel better. The water moccasin bites you!
* * * LOW HITPOINT WARNING * * *
The water moccasin bites you!
* * * LOW HITPOINT WARNING * * *
You miss the water moccasin. Your grab misses the water moccasin.
Your squeeze misses the water moccasin.
The water moccasin is heavily wounded.
The water moccasin barely misses you.
You barely miss the water moccasin. Your grab misses the water moccasin.
The water moccasin is heavily wounded.
The water moccasin bites you!
You die...

.#.#.###.......♣..♣.......#
#.#.# #..................#
# #.# #..................#
#.# ##............(...##
#.# ##..............## #.#
##............##
##..........## ##........##
####@'#### #..S# #.### #.
.. ###


You could see a water moccasin.

Vanquished Creatures
  An ogre (D:4)
  A scorpion (D:4)
  A howler monkey (D:4)
  2 bullfrog skeletons (D:4)
  A jelly (D:5)
  2 centaur skeletons (D:4)
  A hound (D:4)
  An orc wizard (D:3)
  Crazy Yiuf (D:3)
  Terence (D:3)
  2 worker ants (D:4)
  14 mummies
  Robin (D:3)
  4 gnolls (D:4)
  9 adders
  2 oozes
  2 worms
  A dart slug (D:2)
  4 leopard geckos
  9 orcs
  7 giant cockroaches
  14 goblins
  7 hobgoblins
  4 jackals (D:4)
  8 kobolds
  3 quokkas
  A ball python skeleton (D:4)
  7 bats
  5 frilled lizards
  3 gnoll skeletons (Ossuary)
  3 goblin skeletons (Ossuary)
  A hobgoblin zombie (D:4)
  A jackal skeleton (D:4)
  A kobold skeleton (Ossuary)
  An orc skeleton (Ossuary)
  An orc zombie (D:4)
  7 rats
  11 rat skeletons (Ossuary)
145 creatures vanquished.

Notes
Turn   | Place    | Note
-------+----------+-------------------------------------------
     0 | D:1      | Dorkslayer the Octopode Fighter began the quest for the
                  | Orb.
     0 | D:1      | Reached XP level 1. HP: 16/16 MP: 1/1
   323 | D:1      | Reached XP level 2. HP: 21/21 MP: 2/2
   521 | D:1      | Reached skill level 1 in Stealth
   982 | D:2      | Reached XP level 3. HP: 26/26 MP: 3/3
  1076 | D:2      | Reached skill level 2 in Stealth
  1121 | D:2      | Found a sparkling altar of Nemelex Xobeh.
  1175 | D:2      | Reached XP level 4. HP: 26/31 MP: 5/5
  1193 | D:2      | Reached skill level 3 in Stealth
  1397 | D:2      | Reached skill level 1 in Spellcasting
  1424 | D:2      | Found a hazy altar of Hepliaklqana.
  1710 | D:3      | Reached XP level 5. HP: 19/36 MP: 6/6
  1972 | D:3      | Found a bloodstained altar of Trog.
  1972 | D:3      | Noticed Robin
  1999 | D:3      | Killed Robin
  2058 | D:3      | Found a runed translucent door.
  2059 | D:3      | Noticed Crazy Yiuf
  2069 | D:3      | Killed Crazy Yiuf
  2333 | D:3      | Found an ancient bone altar of Kikubaaqudgha.
  2419 | D:3      | Found a runed translucent gate.
  2419 | D:3      | Found a runed translucent gate.
  2435 | D:3      | Reached skill level 1 in Throwing
  2522 | D:3      | Found a runed translucent gate.
  2526 | D:3      | Noticed Despondentz's ghost (weakling OpCj)
  2587 | D:3      | Found an ornate altar of the Wu Jian Council.
  2596 | D:3      | Reached XP level 6. HP: 42/42 MP: 8/8
  2606 | D:3      | Reached skill level 4 in Stealth
  2768 | D:3      | Noticed Terence
  2781 | D:3      | Killed Terence
  2941 | D:4      | Found a sand-covered staircase.
  2947 | Ossuary  | Entered an ossuary
  3041 | Ossuary  | Reached skill level 5 in Stealth
  3339 | Ossuary  | Reached XP level 7. HP: 46/46 MP: 10/10
  3769 | D:4      | Reached skill level 6 in Stealth
  4049 | D:4      | Reached skill level 7 in Stealth
  4440 | D:4      | Found a runed translucent gate.
  4440 | D:4      | Found a runed translucent gate.
  4440 | D:4      | Noticed yaymichael's ghost (amateur HaAM)
  4441 | D:4      | Found a runed translucent gate.
  4444 | D:4      | Found a roughly hewn altar of Beogh.
  4505 | D:4      | Reached XP level 8. HP: 31/54 MP: 12/12
  4938 | D:5      | Entered Level 5 of the Dungeon
  5005 | D:5      | Slain by a water moccasin

Levels and vault maps discovered:
D:1:      nicolae_arrival_memento_mori, layout_loops_cross, minmay_pentomino_v2
D:2:      layout_loops_ring, nicolae_overflow_crystal_walls,
          nemelex_xobeh_ov_fountains_minmay
D:3:      layout_basic, kiku_gazebo_garden_becter, old_standard_altar,
          bloody_trog, ebering_ghost_rock_garden, uniq_grinder,
          uniq_crazy_yiuf_cottage, uniq_robin, uniq_terence
D:4:      layout_basic, biasface_ghost_orc_armoury, nicolae_ossuary_entry_giza,
          first_ration, hangedman_decor_riveting, small_statue_intersection,
          minmay_strange_pillars, minmay_manual_mess
D:5:      layout_basic, grunt_qazlal_sundering, kennysheep_mini,
          kennysheep_cross_room, minmay_misc_feat_cross

Skill      XL: |  1  2  3  4  5  6  7 |
---------------+----------------------+-----
Stealth        | 1 2 3 5 7 |  7.5
Spellcasting   | 1 2 |  2.8
Long Blades    | 3 4 |  4.4
Throwing       | 1 |  1.8
Fighting       | |  3.8
Short Blades   | |  0.2
Slings         | |  0.6
Dodging        | |  3.5
Shields        | |  3.8

Action                   |  1- 3 |  4- 6 |  7- 9 || total
-------------------------+-------+-------+-------++-------
Melee: Long sword        |    37 |   126 |    98 ||   261
       Constrict         |    18 |    41 |    30 ||    89
       Dagger            |     7 |     5 |       ||    12
       Tentacles         |     5 |    26 |    29 ||    60
 Fire: Hunting sling     |       |     2 |       ||     2
Throw: Boomerang         |     1 |     8 |       ||     9
       Dart              |       |    22 |    20 ||    42
       Stone             |       |       |     2 ||     2
  Use: Scroll            |     5 |     8 |     1 ||    14
       Potion            |       |     2 |     1 ||     3
 Stab: Sleeping          |     8 |    13 |    15 ||    36
       Distracted        |       |       |     1 ||     1
  Eat: Chunk             |     1 |     6 |     2 ||     9
       Ration            |       |     1 |     1 ||     2
Armor: Skin              |     5 |     2 |     1 ||     8
Dodge: Dodged            |    18 |    52 |    21 ||    91
Block: Shield            |    20 |    42 |    42 ||   104
       Rpst.: Long sword |     6 |    22 |     4 ||    32

Table legend:
 A = Non-vault XP
 B = Vault XP
 C = Vault XP percentage of total XP
 D = Non-vault monster count
 E = Vault monster count
 F = Vault count percentage of total count
                 A         B        C        D         E       F
            +---------+---------+-------+---------+---------+-------
      Total |     803 |     490 |  37.9 |      94 |      51 |  35.2
            +---------+---------+-------+---------+---------+-------
        D:1 |      22 |       2 |   8.3 |      14 |       1 |   6.7
        D:2 |     125 |       0 |   0.0 |      29 |       0 |   0.0
        D:3 |     117 |     110 |  48.5 |      23 |      13 |  36.1
        D:4 |     495 |     126 |  20.3 |      25 |       5 |  16.7
        D:5 |      44 |       0 |   0.0 |       3 |       0 |   0.0
    Ossuary |       0 |     252 | 100.0 |       0 |      32 | 100.0
            +---------+---------+-------+---------+---------+-------
